 Dungeon Crawl Stone Soup version 0.24.1-14-gf8d2b509d9 (webtiles) character file.

Game seed: 14295317140923231041, levelgen mode: deterministic

63 cbfl8 the Shield-Bearer (level 3, 0/33 HPs)
             Began as a Minotaur Fighter on Feb 26, 2022.
             Slain by an adder (1 damage)
             ... on level 2 of the Dungeon.
             The game lasted 00:02:49 (1501 turns).

cbfl8 the Shield-Bearer (Minotaur Fighter)          Turns: 1501, Time: 00:02:50

Health: 0/33       AC:  7    Str: 21    XL:     3   Next: 89%
Magic:  2/2        EV:  7    Int:  5    God:
Gold:   68         SH:  9    Dex:  9    Spells: 2/2 levels left

rFire    x . .     SeeInvis .   a - +0 war axe
rCold    + . .     Gourm    .   c - +0 shield
rNeg     . . .     Faith    .   e - +0 scale mail
rPois    .         Spirit   .   (helmet restricted)
rElec    .         Reflect  .   (no cloak)
rCorr    .         Harm     .   (no gloves)
MR       .....                  (no boots)
Stlth    ..........             (no amulet)
HPRegen  0.11/turn              k - ring of ice
MPRegen  0.08/turn              (no ring)

@: lethally poisoned (0 -> -4)
A: retaliatory headbutt, horns 2
a: no special abilities


You were on level 2 of the Dungeon.
You were not hungry.

You visited 1 branch of the dungeon, and saw 2 of its levels.

You collected 68 gold pieces.

Inventory:

Hand Weapons
 a - a +0 war axe (weapon)
Armour
 b - a +0 scale mail
 c - a +0 shield (worn)
 e - a +0 scale mail (worn)
Jewellery
 k - a ring of ice (left hand)
Scrolls
 h - a scroll of blinking {unknown}
 i - 3 scrolls of identify {unknown}
 l - a scroll of teleportation {unknown}
Potions
 d - a potion of might
 g - a potion of lignification {unknown}
 j - a potion of agility {unknown}
Comestibles
 f - 2 rations


   Skills:
 + Level 4.0 Fighting
 + Level 3.0 Axes
 + Level 4.0 Armour
 + Level 0.5 Dodging
 + Level 4.8 Shields


You had 2 spell levels left.
You didn't know any spells.
Your spell library was empty.

Dungeon Overview and Level Annotations

Branches:
Dungeon (2/15)

Altars:


Innate Abilities, Weirdness & Mutations

You reflexively headbutt those who attack you in melee.
You have a pair of horns on your head.


Message History

* * * LOW HITPOINT WARNING * * *
Your shield and scale mail prevent you from hitting the worm.
The worm is almost dead.
You closely miss the adder. The adder bites you but does no damage.
The worm closely misses you.
You barely miss the worm.
The worm is severely wounded.
You barely miss the adder. You block the adder's attack. The adder bites you.
* * * LOW HITPOINT WARNING * * *
You are lethally poisoned!
The adder poisons you! You block the worm's attack.
You hit the worm. You headbutt the worm.
You kill the worm!
You closely miss the adder.
* * * LOW HITPOINT WARNING * * *
You feel sick. The adder completely misses you. You furiously retaliate!
You headbutt the adder! The adder completely misses you.
* * * LOW HITPOINT WARNING * * *
You feel sick. The adder bites you.
You die...

##.#...##...............#.)#.....
#.########...##.##........#.###.
#.# #...##.##........# # #.#
#<..##.##.##...... #.#
#...##.##.##....... #.#
#...##............## #..
#...##.......#.....
##...##.##.##.#..(...
......S@>.^# ...........#
.....%.....# ##...##.#### #...
#.. #.. ### #.. #.


You could see an adder.

Vanquished Creatures
  2 adders (D:2)
  An ooze (D:1)
  A worm (D:2)
  3 leopard geckos (D:1)
  2 giant cockroaches
  3 goblins (D:1)
  5 hobgoblins
  4 jackals (D:2)
  A ball python (D:1)
  4 bats (D:1)
  A frilled lizard (D:1)
  4 kobolds
  5 rats
36 creatures vanquished.

Notes
Turn   | Place    | Note
-------+----------+-------------------------------------------
     0 | D:1      | cbfl8 the Minotaur Fighter began the quest for the Orb.
     0 | D:1      | Reached XP level 1. HP: 19/19 MP: 0/0
   422 | D:1      | Reached XP level 2. HP: 26/27 MP: 1/1
   910 | D:1      | Reached XP level 3. HP: 33/33 MP: 2/2
  1501 | D:2      | HP: 1/33 [poisoned by an adder]
  1501 | D:2      | Slain by an adder

Levels and vault maps discovered:
D:1:      dpeg_arrival_pits, layout_loops_ring
D:2:      layout_loops_cross

Skill      XL: |  1  2  3 |
---------------+----------+-----
Shields        | 4 |  4.8
Armour         | 4 |  4.0
Axes           | 3 |  3.0
Fighting       | 4 |  4.0
Dodging        | |  0.5

Action                   || total
-------------------------++-------
Melee: War axe           ||    89
       Headbutt          ||     9
  Eat: Ration            ||     1
Armor: Scale mail        ||    56
Dodge: Dodged            ||    43
Block: Shield            ||    73
